 Dungeon Crawl Stone Soup version 0.25-a0-71-ge910a4a285 (webtiles) character file.

Game seed: 4081259888125249276, levelgen mode: deterministic

184 Gargoyl the Skirmisher (level 5, -1/46 HPs)
             Began as a Draconian Abyssal Knight on Nov 4, 2019.
             Was a Believer of Lugonu.
             Killed from afar by an orc wizard (8 damage)
             ... with a magic dart
             ... on level 4 of the Dungeon.
             The game lasted 00:04:49 (2354 turns).

Gargoyl the Skirmisher (Draconian Abyssal Knight)   Turns: 2354, Time: 00:04:50

Health: -1/46      AC:  8    Str: 15    XL:     5   Next: 36%
Magic:  4/7        EV: 13    Int: 12    God:    Lugonu [**....]
Gold:   153        SH:  0    Dex: 11    Spells: 4/7 levels left

rFire    . . .     SeeInvis .   a - +2 hand axe
rCold    . . .     Gourm    .   (no shield)
rNeg     . . .     Faith    .   (armour unavailable)
rPois    .         Spirit   .   (helmet restricted)
rElec    .         Reflect  .   (no cloak)
rCorr    .         Harm     .   h - +0 pair of gloves
MR       .....                  c - +1 pair of boots
Stlth    +.........             d - amulet of regeneration
HPRegen  0.55/turn              (no ring)
MPRegen  0.10/turn              (no ring)

@: very slightly contaminated
A: unfitting armour, cold-blooded, AC +5
a: Depart the Abyss, Bend Space, Renounce Religion


You were on level 4 of the Dungeon.
You worshipped Lugonu.
Lugonu was pleased with you.
You were not hungry.

You visited 1 branch of the dungeon, and saw 4 of its levels.
You visited the Abyss 1 time.

You collected 153 gold pieces.

Inventory:

Hand Weapons
 a - a +2 hand axe (weapon)
Armour
 c - a +1 pair of boots (worn)
 h - a +0 pair of gloves (worn)
Jewellery
 d - an amulet of regeneration (around neck)
Scrolls
 f - a scroll of remove curse
 i - a scroll of teleportation
Potions
 e - 2 potions of ambrosia {unknown}
 g - 4 potions of lignification {unknown}
 j - a potion of cancellation {unknown}
 k - a potion of curing {unknown}
 l - a potion of haste {unknown}
 m - a potion of flight {unknown}
 o - a potion of heal wounds {unknown}
 q - a potion of mutation {unknown}
Comestibles
 b - 10 rations


   Skills:
 + Level 3.8 Fighting
 + Level 3.0 Axes
 * Level 3.2 Dodging
 + Level 0.6 Stealth
 + Level 1.8 Spellcasting
 + Level 0.3 Ice Magic
 * Level 2.9 Invocations


You had 4 spell levels left.
You knew the following spells:

 Your Spells              Type           Power        Failure   Level  Hunger
a - Freeze                Ice            #...         24%         1    ##.....
b - Throw Frost           Conj/Ice       #.....       36%         2    ###....

Your spell library contained the following spells:

 Spells                   Type           Power        Failure   Level  Hunger
 Ozocubu's Armour         Chrm/Ice       #.......     61%         3    ####...
 Summon Ice Beast         Ice/Summ       #.......     95%         4    #####..
 Throw Icicle             Conj/Ice       #.......     95%         4    #####..


Dungeon Overview and Level Annotations

Branches:
Dungeon (4/15)
 Temple: D:4-7

Altars:

Annotations:
D:4 Purgy


Innate Abilities, Weirdness & Mutations

Your plain brown scales are hard. (AC +5)
You cannot fit into any form of body armour.
You are cold-blooded and may be slowed by cold attacks.


Message History

You closely miss the orc.
The orc is moderately wounded.
You closely miss the orc. The orc misses you. The orc closely misses you.
You closely miss the orc.
The orc is moderately wounded.
You barely miss the orc. You barely miss the orc wizard.
The orc wizard gestures wildly while chanting.
The orc wizard seems to speed up.
The orc misses you. The orc hits you but does no damage.
Unknown command.
You hit the orc.
You kill the orc!
Lugonu accepts your kill.
You hit the orc wizard. You barely miss the orc.
The orc wizard casts a spell at you. The magic dart hits you!
* * * LOW HITPOINT WARNING * * *
The orc wizard points at you and mumbles some strange words.
The magic dart hits you!
You die...

... #....
...##+##...
#........#
#........#
#........+
#........#
#........#
#...o)o.)#######
.....##@##........
... #)..#......(.
. #...#รท.......
#...#........
#...#........
+...#........
#...#........
#####........
###+######+##


You could see an orc wizard and an orc.

Vanquished Creatures
  An orc priest (D:3)
  Jessica (D:2)
  A worker ant (D:3)
  4 adders
  An ooze (D:1)
  2 worms
  2 dart slugs (D:1)
  A leopard gecko (D:3)
  6 orcs
  A bat (D:1)
  2 giant cockroaches (D:1)
  5 goblins
  4 hobgoblins
  4 jackals
  7 kobolds
  2 ball pythons (D:2)
  6 frilled lizards
  4 rats
54 creatures vanquished.

Notes
Turn   | Place    | Note
-------+----------+-------------------------------------------
     0 | Abyss:1  | Gargoyl the Draconian Abyssal Knight began the quest for
                  | the Orb.
     0 | Abyss:1  | Reached XP level 1. HP: 19/19 MP: 2/2
    41 | Abyss:2  | Noticed a starcursed mass
    43 | D:1      | Escaped the Abyss
   169 | D:1      | Reached * piety under Lugonu
   266 | D:1      | Reached XP level 2. HP: 16/26 MP: 3/3
   412 | D:1      | Learned a level 1 spell: Freeze
   684 | D:1      | Reached XP level 3. HP: 33/33 MP: 4/4
   859 | D:2      | Noticed Jessica
   871 | D:2      | Killed Jessica
  1000 | D:2      | Reached XP level 4. HP: 31/40 MP: 5/5
  1191 | D:2      | Reached ** piety under Lugonu
  1660 | D:3      | Reached XP level 5. HP: 28/46 MP: 1/7
  1822 | D:3      | Reached skill level 1 in Spellcasting
  2187 | D:3      | Learned a level 2 spell: Throw Frost
  2258 | D:3      | Noticed Purgy
  2354 | D:4      | Killed from afar by an orc wizard

Levels and vault maps discovered:
D:1:      wander_arrival_fairy_ring, layout_loops_ring
D:2:      layout_rooms, uniq_jessica
D:3:      layout_loops_ring, uniq_purgy
D:4:      layout_gridville, first_ration, uniq_grinder

Skill      XL: |  1  2  3  4  5 |
---------------+----------------+-----
Dodging        | 3 |  3.2
Axes           | 3 |  3.0
Spellcasting   | 1 |  1.8
Fighting       | |  3.8
Stealth        | |  0.6
Ice Magic      | |  0.3
Invocations    | |  2.9

Action                   |  1- 3 |  4- 6 || total
-------------------------+-------+-------++-------
Melee: Hand axe          |    63 |    87 ||   150
       Tailslap          |     2 |     4 ||     6
 Cast: Freeze            |     3 |    21 ||    24
       Throw Frost       |       |     1 ||     1
Invok: Depart the Abyss  |     1 |       ||     1
  Use: Scroll            |     3 |     8 ||    11
 Stab: Sleeping          |       |     1 ||     1
  Eat: Chunk             |     1 |     5 ||     6
Armor: Skin              |    20 |    52 ||    72
Dodge: Dodged            |    51 |    95 ||   146

Table legend:
 A = Non-vault XP
 B = Vault XP
 C = Vault XP percentage of total XP
 D = Non-vault monster count
 E = Vault monster count
 F = Vault count percentage of total count
                 A         B        C        D         E       F
            +---------+---------+-------+---------+---------+-------
      Total |     227 |      37 |  14.0 |      53 |       1 |   1.9
            +---------+---------+-------+---------+---------+-------
        D:1 |      43 |       0 |   0.0 |      21 |       0 |   0.0
        D:2 |      63 |      37 |  37.0 |      16 |       1 |   5.9
        D:3 |     111 |       0 |   0.0 |      12 |       0 |   0.0
        D:4 |      10 |       0 |   0.0 |       4 |       0 |   0.0
            +---------+---------+-------+---------+---------+-------
